 Dungeon Crawl Stone Soup version 0.26.1-2-gb8aa6d0cf2 (webtiles) character file.

Game seed: 9581860433957960342

59321 Erymatos the Severer (level 14, -18/135 HPs)
             Began as a Minotaur Berserker on Mar 28, 2021.
             Was an Elder of Trog.
             Demolished by Sackgasse's ghost (28 damage)
             ... on level 1 of the Orcish Mines.
             The game lasted 00:46:18 (21068 turns).

Erymatos the Severer (Minotaur Berserker)          Turns: 21068, Time: 00:46:19

Health: -18/135    AC: 20    Str: 32    XL:     14   Next: 52%
Magic:  13/13      EV: 13    Int:  7    God:    Trog [****..]
Gold:   1288       SH:  4    Dex: 11    Spells: 13/13 levels left

rFire    + . .     SeeInvis .   b - +2 war axe (vorpal)
rCold    . . .     Faith    .   a - +0 buckler
rNeg     . . .     Spirit   .   P - +3 chain mail {rF+}
rPois    .         Reflect  .   M - +2 hat {Int+3}
rElec    .         Harm     .   (no cloak)
rCorr    .         Rampage  .   e - +0 pair of gloves
Will     ++...                  (no boots)
Stlth    ..........             (no amulet)
HPRegen  0.32/turn              x - +6 ring of strength
MPRegen  0.13/turn              p - ring of willpower

@: berserk cooldown, slowed, very slow
A: retaliatory headbutt, horns 2
a: Renounce Religion, Berserk, Trog's Hand, Brothers in Arms


You were on level 1 of the Orcish Mines.
You worshipped Trog.
Trog was greatly pleased with you.
You visited 4 branches of the dungeon, and saw 19 of its levels.
You also visited: Volcano.

You collected 1608 gold pieces.
You spent 320 gold pieces at shops.

Inventory:

Hand Weapons
 b - a +2 vorpal war axe (weapon)
 Q - a +0 great sword of flaming
Armour
 a - a +0 buckler (worn)
 e - a +0 pair of gloves (worn)
 M - a +2 hat of intelligence (worn)
 P - a +3 chain mail of fire resistance (worn)
 V - +0 acid dragon scales
Jewellery
 p - a ring of willpower (right hand)
 q - an uncursed ring of see invisible
 x - a +6 ring of strength (left hand)
 H - an uncursed ring of fire
 L - an uncursed ring of ice
 X - an uncursed amulet of guardian spirit {unknown}
Wands
 g - a wand of disintegration (18)
 n - a wand of flame (46)
 B - a wand of digging (14)
Scrolls
 f - 4 scrolls of blinking
 h - 2 scrolls of immolation
 k - 12 scrolls of teleportation
 s - a scroll of magic mapping
 t - 3 scrolls of enchant weapon
 v - 4 scrolls of fog
 w - 10 scrolls of remove curse
 y - 5 scrolls of enchant armour
 C - a scroll of brand weapon
 E - 2 scrolls of holy word
 I - 2 scrolls of torment
 J - 2 scrolls of summoning
 K - a scroll of silence
 T - 2 scrolls of vulnerability
 W - 2 scrolls of fear
 Y - a scroll of identify
Potions
 c - 3 potions of might {unknown}
 d - 5 potions of lignification {unknown}
 j - 7 potions of curing
 m - 6 potions of flight
 o - a potion of magic {unknown}
 u - 6 potions of cancellation {unknown}
 z - 15 potions of heal wounds
 A - a potion of mutation {unknown}
 D - 3 potions of degeneration {unknown}
 G - a potion of invisibility {unknown}
 O - a potion of ambrosia {unknown}
 R - a potion of brilliance {unknown}
 U - a potion of haste {unknown}


   Skills:
 + Level 15.2 Fighting
 + Level 18.4 Axes
 + Level 15.5 Armour
 + Level 7.6 Dodging
 + Level 4.2 Shields


You had 13 spell levels left.
You didn't know any spells.
Your spell library was empty.

Dungeon Overview and Level Annotations

Branches:
Dungeon (11/15)            Temple (1/1) D:4            Lair (6/6) D:11
  Swamp (0/4) Lair:3        Snake (0/4) Lair:4        Slime (0/5) Lair:5
    Orc (1/2) D:11        Volcano (visited)

Altars:
Ashenzari
Cheibriados
Dithmenos
Elyvilon
Fedhas
Gozag
Hepliaklqana
Kikubaaqudgha
Makhleb
Nemelex Xobeh
Okawaru
Qazlal
Ru
Sif Muna
Trog
Uskayaw
Vehumet
Wu Jian
Xom
Yredelemnul
Zin
The Shining One
Jiyva

Shops:
D:7 *?

Annotations:
Orc:1 Sackgasse's ghost, journeyman MiBe


Innate Abilities, Weirdness & Mutations

You reflexively headbutt those who attack you in melee.
You have a pair of horns on your head.


Message History

You furiously retaliate!
You headbutt Sackgasse's ghost, but do no damage.
Items here: )) [[[.
You feel a strong urge to attack something.
You are no longer berserk.
You are exhausted.
You feel yourself slow down.
You feel the effects of Trog's Hand fading.
You fail to use your ability.
You block Sackgasse's ghost's attack. Sackgasse's ghost barely misses you.
You fail to use your ability.
Your skin stops crawling.
You feel less strong-willed. Sackgasse's ghost barely misses you.
The naga warrior barely misses you. Sackgasse's ghost hits you!!
* * * LOW HITPOINT WARNING * * *
Sackgasse's ghost burns you.
* * * LOW HITPOINT WARNING * * *
Your ogre goes berserk!
Sackgasse's ghost hits you!!
You die...

#.#8...8#.#
#...$.....#
#.#8...8#.#
#.........#
####')(####
#....)....#
###..N#####
##.....W#
#....#.@## #.
#..).#..O#
....##).)#...#
..........#.##
........<....#
............##
............#
......#.#..##
......#....#


You could see a naga warrior, Sackgasse's ghost and a friendly ogre (summoned,
berserk).

Vanquished Creatures
  Gastronok (Lair:1)
  A stone giant (Orc:1)
  A fire dragon (Lair:6)
  9 hydras
  2 boulder beetles (Lair:5)
  A dancing weapon (Volcano)
  2 two-headed ogres (D:9)
  A death yak (Lair:5)
  3 tengu warriors (Orc:1)
  A fire crab (Lair:6)
  An unseen horror (D:10)
  4 wizards (Volcano)
  A deep elf archer (Orc:1)
  An orc knight (Orc:1)
  2 oklob plants (Lair:1)
  An elephant (Lair:2)
  4 toenail golems (Volcano)
  Joseph (D:7)
  6 black mambas
  11 cane toads
  2 molten gargoyles (Lair:6)
  A torpor snail (Lair:5)
  A kobold demonologist (D:11)
  11 komodo dragons
  9 rime drakes
  A troll (D:11)
  4 slime creatures (D:11)
  6 dream sheep (Lair:5)
  A polar bear (Lair:5)
  18 blink frogs
  A shadow (D:10)
  12 basilisks
  15 wyverns
  5 vampire mosquitoes (Lair:3)
  3 fire bats (Lair:2)
  27 yaks
  3 nagas (Lair:4)
  A soldier ant (D:11)
  4 hell hounds (Lair:6)
  17 water moccasins
  7 orc warriors
  A black bear (Lair:2)
  2 ice beasts
  8 necrophages
  2 sky beasts
  3 phantoms
  2 ogres
  5 centaurs
  13 wolves
  19 bullfrogs
  4 scorpions
  4 killer bees (D:8)
  3 wights (D:9)
  2 howler monkeys (D:8)
  6 lava snakes
  2 centaur zombies
  4 bullfrog zombies
  5 hounds
  3 jellies
  13 orc priests
  A bullfrog skeleton (D:6)
  A centaur skeleton (D:4)
  2 iguanas
  7 hell rats
  11 orc wizards
  6 worker ants
  A mummy (D:9)
  A howler monkey zombie (D:8)
  A worker ant zombie (D:7)
  17 adders
  3 shadow imps
  4 white imps
  4 ufetubi
  An adder zombie (D:8)
  An adder skeleton (D:4)
  3 worms
  10 dart slugs
  6 leopard geckos
  36 orcs
  3 giant cockroaches
  9 goblins
  7 hobgoblins
  11 jackals
  7 quokkas
  2 ball pythons
  5 bats
  3 frilled lizards
  11 kobolds
  A leopard gecko zombie (D:8)
  A quokka skeleton (D:10)
  A quokka zombie (D:9)
  6 rats
  4 bushes (D:8)
491 creatures vanquished.

Vanquished Creatures (collateral kills)
  A hydra (Lair:6)
  Sonja (Lair:1)
  A wizard (Volcano)
  3 elephants (Lair:2)
  A toenail golem (Volcano)
  A black mamba (Lair:2)
  A fire elemental (Lair:2)
9 creatures vanquished.

Vanquished Creatures (others)
  2 dart slugs (D:7)
  A fire vortex (Lair:2)
  31 fungi
  79 plants
  5 withered plants (D:9)
118 creatures vanquished.

Grand Total: 618 creatures vanquished

Notes
Turn   | Place    | Note
-------+----------+-------------------------------------------
     0 | D:1      | Erymatos the Minotaur Berserker began the quest for the
                  | Orb.
     0 | D:1      | Reached XP level 1. HP: 19/19 MP: 0/0
   271 | D:1      | Reached XP level 2. HP: 23/27 MP: 1/1
   272 | D:1      | Reached skill level 4 in Axes
   725 | D:1      | Found a glowing golden altar of the Shining One.
  1141 | D:2      | Reached XP level 3. HP: 22/33 MP: 2/2
  1975 | D:2      | Reached XP level 4. HP: 32/41 MP: 3/3
  2077 | D:3      | Reached skill level 5 in Axes
  2151 | D:3      | Reached ** piety under Trog
  2204 | D:3      | Reached XP level 5. HP: 31/47 MP: 4/4
  2465 | D:3      | Found a glowing golden altar of the Shining One.
  2465 | D:3      | Found a basalt altar of Yredelemnul.
  2484 | D:3      | Found an iron altar of Okawaru.
  2486 | D:3      | Found an ornate altar of the Wu Jian Council.
  2488 | D:3      | Found a radiant altar of Vehumet.
  2686 | D:3      | Found an iron altar of Okawaru.
  3166 | D:3      | Reached skill level 6 in Axes
  3330 | D:4      | Reached XP level 6. HP: 55/55 MP: 5/5
  3514 | D:4      | Reached skill level 5 in Fighting
  3710 | D:4      | Found a staircase to the Ecumenical Temple.
  3716 | D:4      | Reached skill level 7 in Axes
  3796 | D:4      | Reached XP level 7. HP: 57/61 MP: 6/6
  3890 | Temple   | Entered the Ecumenical Temple
  4183 | D:5      | Entered Level 5 of the Dungeon
  4337 | D:6      | Reached *** piety under Trog
  4435 | D:6      | Reached skill level 8 in Axes
  4435 | D:6      | Reached skill level 5 in Armour
  4702 | D:6      | Reached XP level 8. HP: 32/70 MP: 7/7
  4703 | D:6      | Reached skill level 9 in Axes
  5271 | D:6      | Identified Thaumaturgy for Neophytes
  5340 | D:6      | Found a blossoming altar of Fedhas.
  5401 | D:6      | Found a bloodstained altar of Trog.
  5410 | D:6      | Found a broken altar of Ashenzari.
  5673 | D:7      | Reached skill level 10 in Axes
  5804 | D:7      | Found an opulent altar of Gozag.
  5848 | D:7      | Found a stormy altar of Qazlal.
  5849 | D:7      | Found Kevael's Assorted Antiques.
  5849 | D:7      | Noticed Joseph
  5864 | D:7      | Killed Joseph
  5865 | D:7      | Reached XP level 9. HP: 79/79 MP: 8/8
  5890 | D:7      | Bought 2 glowing brown potions for 50 gold pieces
  5890 | D:7      | Bought a viscous puce potion for 25 gold pieces
  5890 | D:7      | Bought a scroll of identify for 56 gold pieces
  5890 | D:7      | Bought a red potion for 25 gold pieces
  5987 | D:7      | Found Taemev's Magic Scroll Boutique.
  5992 | D:7      | Bought a scroll of enchant armour for 82 gold pieces
  5992 | D:7      | Bought a scroll of magic mapping for 38 gold pieces
  5992 | D:7      | Bought a scroll of identify for 22 gold pieces
  5992 | D:7      | Bought a scroll of identify for 22 gold pieces
  6352 | D:8      | Reached skill level 11 in Axes
  6663 | D:8      | Reached **** piety under Trog
  6753 | D:8      | Reached skill level 12 in Axes
  7035 | D:8      | Reached skill level 5 in Dodging
  7142 | D:8      | Found a blossoming altar of Fedhas.
  7348 | D:8      | Found a blossoming altar of Fedhas.
  7562 | D:9      | Noticed a two-headed ogre
  7566 | D:9      | Killed a two-headed ogre
  7567 | D:9      | Reached XP level 10. HP: 89/89 MP: 9/9
  7773 | D:9      | Reached skill level 13 in Axes
  7822 | D:9      | Noticed a two-headed ogre
  7833 | D:9      | Killed a two-headed ogre
  7984 | D:9      | Found an opulent altar of Gozag.
  8397 | D:10     | Entered Level 10 of the Dungeon
  8678 | D:10     | Reached ***** piety under Trog
  8766 | D:10     | Noticed an unseen horror
  8775 | D:10     | Killed an unseen horror
  8776 | D:10     | Reached skill level 14 in Axes
  9168 | D:10     | Found a shimmering altar of Xom.
  9168 | D:10     | Found a shimmering altar of Xom.
  9168 | D:10     | Found a shimmering altar of Xom.
  9168 | D:10     | Found a shimmering altar of Xom.
  9349 | D:11     | Reached XP level 11. HP: 66/97 MP: 10/10
  9744 | D:11     | Received a gift from Trog
  9750 | D:11     | Found a staircase to the Orcish Mines.
 10215 | D:11     | Reached skill level 10 in Fighting
 10389 | D:11     | Reached skill level 10 in Armour
 10475 | D:11     | Found a staircase to the Lair.
 10483 | D:11     | Reached skill level 15 in Axes
 10825 | Lair:1   | Entered Level 1 of the Lair of Beasts
 11448 | Lair:1   | Noticed Gastronok
 11460 | Lair:1   | Killed Gastronok
 11991 | Lair:1   | Noticed an oklob plant
 11992 | Lair:1   | Noticed an oklob plant
 12007 | Lair:1   | Killed an oklob plant
 12008 | Lair:1   | Reached XP level 12. HP: 110/110 MP: 11/11
 12012 | Lair:1   | Reached skill level 16 in Axes
 12216 | Lair:1   | Noticed Sonja
 12224 | Lair:1   | Killed Sonja
 12645 | Lair:2   | Found a dark tunnel.
 12656 | Volcano  | Entered a volcano
 14045 | Lair:2   | Noticed a five-headed hydra
 14055 | Lair:2   | Killed a nine-headed hydra
 14159 | Lair:3   | Reached skill level 17 in Axes
 14355 | Lair:3   | You fall into a shaft and drop 2 floors!
 14355 | Lair:5   | Found a viscous altar of Jiyva.
 14355 | Lair:5   | Found a staircase to the Slime Pits.
 14630 | Lair:5   | Noticed a boulder beetle
 14632 | Lair:5   | Reached XP level 13. HP: 101/119 MP: 12/12
 16730 | Lair:3   | Found a staircase to the Swamp.
 17110 | Lair:4   | Reached skill level 1 in Shields
 18350 | Lair:4   | Reached skill level 18 in Axes
 18360 | Lair:4   | Reached XP level 14. HP: 126/133 MP: 13/13
 18457 | Lair:4   | Found a staircase to the Snake Pit.
 19065 | Lair:6   | Entered Level 6 of the Lair of Beasts
 19357 | Lair:6   | Reached skill level 15 in Armour
 19445 | Lair:6   | Found a large runed translucent door.
 20576 | Lair:6   | Found a large runed translucent door.
 20588 | Lair:6   | Reached skill level 15 in Fighting
 21014 | Orc:1    | Entered Level 1 of the Orcish Mines
 21015 | Orc:1    | Found a runed translucent gate.
 21015 | Orc:1    | Found a runed translucent gate.
 21020 | Orc:1    | Found a runed translucent gate.
 21025 | Orc:1    | Noticed a stone giant
 21036 | Orc:1    | Noticed Sackgasse's ghost (journeyman MiBe)
 21037 | Orc:1    | Found an iron altar of Okawaru.
 21054 | Orc:1    | Killed a stone giant
 21068 | Orc:1    | Demolished by Sackgasse's ghost

Illustrated notes

Levels and vault maps discovered:
D:1:      lightli_arrival_farm, layout_basic, tso_altar
D:2:      minmay_recursive_quarters, layout_basic, dk_noncrumbling_2
D:3:      layout_loops_corners, chequers_temple_overflow_minitemple,
          okawaru_trees_2
D:4:      minmay_evil_eye, layout_rooms, minmay_temple_entry_mini_moons,
          minmay_misc_feat_hallway
D:5:      lemuel_castle_with_subvaults [lemuel_castle_interior_carwin_1],
          layout_basic, uniq_menkaure
D:6:      layout_cave_pools, grunt_temple_overflow_open, grunt_decor_clamped
D:7:      kennysheep_slugbush, layout_basic, serial_shops, shop,
          kennysheep_little_box, basic_altar, st_stairs_5,
          nicolae_qazlal_general_emergency, uniq_joseph
D:8:      layout_rooms, basic_altar, minmay_liquid_box,
          fedhas_altar_decomposition
D:9:      layout_long_grid, serial_undead, serial_undead_f, serial_undead_b,
          serial_undead_b, serial_undead_b, serial_undead_d, serial_undead_c,
          basic_altar, dk_vineyard_3
D:10:     layout_irregular_city, st_stairs_4, xom_shifter_show
D:11:     layout_basic, minmay_lair_entry_grove, erik_orc_3, serial_curves,
          eino_curves_02, eino_curves_03, minmay_strange_pillars
Temple:   minmay_temple_curvy_branch
Lair:1:   layout_concentric_octagons, minmay_lair_oklob_chamber,
          grunt_megastairs_1, uniq_sonja, uniq_gastronok
Lair:2:   layout_gridlike, nicolae_volcano_entry_batcave
Lair:3:   layout_roguey, minmay_swamp_entry_swarm
Lair:4:   layout_loops_ring, minmay_snake_entry_guardpost_small, special_room
          [special_room_mythical_zoo]
Lair:5:   nzn_winding_woodlands_small
          [nzn_winding_woodlands_5x15_pathside_ponds,
          nzn_winding_woodlands_center_lodge,
          nzn_winding_woodlands_5x15_longhouse], layout_loops_ring,
          slime_altar_1, minmay_stone_trees_small
Lair:6:   cheibrodos_lair_end_hotspot, layout_regular_city
Orc:1:    layout_caves, basic_altar, gammafunk_ghost_fury_of_okawaru,
          david_defended_altar_orc, uniq_snorg

Skill      XL: |  1  2  3  4  5  6  7  8  9 10 11 12 13 14 |
---------------+-------------------------------------------+-----
Axes           | 4 5 6 7 8 10 12 14 15 17 18 | 18.4
Fighting       | 4 5 6 7 8 9 11 12 14 15 | 15.2
Armour         | 3 4 5 6 7 9 11 13 14 15 | 15.5
Dodging        | 3 4 5 6 7 |  7.6
Shields        | 2 4 |  4.2

Action                   |  1- 3 |  4- 6 |  7- 9 | 10-12 | 13-15 || total
-------------------------+-------+-------+-------+-------+-------++-------
Melee: Hand axe          |    87 |    22 |       |       |       ||   109
       Headbutt          |    10 |    14 |    36 |    90 |   127 ||   277
       War axe           |       |    88 |   194 |   388 |   478 ||  1148
Invok: Berserk           |     1 |     1 |     6 |    10 |    10 ||    28
       Trog's Hand       |       |       |     4 |     9 |     6 ||    19
       Brothers in Arms  |       |       |       |     5 |     4 ||     9
  Use: Scroll            |       |       |    12 |     1 |     9 ||    22
       Potion            |       |       |       |     1 |       ||     1
 Stab: Distracted        |       |       |       |     1 |       ||     1
Armor: Ring mail         |    41 |    32 |    70 |       |       ||   143
       Chain mail        |       |       |     2 |    87 |   278 ||   367
       Plate armour      |       |       |       |    59 |       ||    59
       Robe              |       |       |       |     1 |       ||     1
Dodge: Dodged            |    57 |    67 |   131 |   154 |   295 ||   704
Block: Buckler           |       |       |       |       |    60 ||    60
